General information
			
			
        
        - name: BNet
 
        - type: Ladder team game (AT/RT)
 
        - host: Battle.net
 
        - saver: sc2no_wc4yes
 
        
map: DragonFalls 
        - players: 8
 
        - length: 30:12
 
        - speed: Fast
 - version: 1.22 W3XP
 - replay type:  Public
 
» download(305 KB)
Players
        team 1 (winner) 
              
              
KODOS_FORSAKEN (
blue | 122 APM | 3675 actions | 30:12)
              
 7 Blademaster 
 3 Wind Walk
 3 Critical Strike
 1 Bladestorm
 
                » actions 
                
                | Assign group hotkey | 528 |  | 
| Build / train | 102 |  | 
| Enter build submenu | 35 |  | 
| Enter hero's abilities submenu | 7 |  | 
| Give item / drop item | 9 |  | 
| Right click | 1411 |  | 
| Select / deselect | 476 |  | 
| Select group hotkey | 853 |  | 
| Use ability | 254 |  | 
                3675 total
 » units 
                
                | Peon | 20 |  | 
| Wind Rider | 14 |  | 
| Kodo Beast | 1 |  | 
| Troll Batrider | 13 |  | 
| Raider | 1 |  | 
                49 total
 » upgrades
                
                | Ranged Weapons | 2 |  | 
| Armor | 2 |  | 
| Ensnare | 1 |  | 
                5 total
 » buildings
                
                | Altar of Storms | 1 |  | 
| Orc Burrow | 5 |  | 
| Voodoo Lounge | 1 |  | 
| Stronghold | 2 |  | 
| War Mill | 1 |  | 
| Beastiary | 3 |  | 
| Great Hall | 3 |  | 
| Watch Tower | 17 |  | 
| Spirit Lodge | 1 |  | 
| Fortress | 2 |  | 
                36 total
 » build order
                00:10 Altar of Storms
00:21 Orc Burrow
00:56 Voodoo Lounge
02:20 Stronghold
02:25 Orc Burrow
02:41 War Mill
03:21 Orc Burrow
04:43 Beastiary
04:45 Beastiary
04:47 Orc Burrow
07:23 Great Hall
08:38 Watch Tower
08:39 Watch Tower
08:40 Watch Tower
11:41 Orc Burrow
11:44 Spirit Lodge
12:18 Fortress
12:45 Great Hall
13:06 Watch Tower
13:56 Watch Tower
13:56 Watch Tower
16:46 Watch Tower
17:21 Stronghold
17:49 Watch Tower
19:10 Watch Tower
19:10 Watch Tower
19:26 Watch Tower
20:19 Watch Tower
20:21 Great Hall
21:29 Watch Tower
21:30 Watch Tower
22:34 Watch Tower
22:35 Watch Tower
24:30 Fortress
26:40 Beastiary
29:28 Watch Tower
» items
                
                | Healing Salve | 8 |  | 
| Lesser Clarity Potion | 7 |  | 
| Boots of Speed | 1 |  | 
| Staff of Teleportation | 1 |  | 
| Dust of Appearance | 1 |  | 
| Scroll of Town Portal | 3 |  | 
| Scroll of Healing | 2 |  | 
| Potion of Lesser Invulnerability | 2 |  | 
| Orb of Corruption | 1 |  | 
| Potion of Mana | 3 |  | 
| Periapt of Vitality | 1 |  | 
                30 total
  
               
              
              
theGIZMOstopCOM (
orange | 68 APM | 2065 actions | 30:12)
              
 6 Warden 
 3 Shadow Strike
 2 Fan of Knives
 1 Spirit of Vengeance
 
                » actions 
                
                | Assign group hotkey | 40 |  | 
| Basic commands | 23 |  | 
| Build / train | 81 |  | 
| ESC pressed | 2 |  | 
| Enter build submenu | 21 |  | 
| Enter hero's abilities submenu | 6 |  | 
| Give item / drop item | 1 |  | 
| Remove unit from queue | 6 |  | 
| Right click | 1274 |  | 
| Select / deselect | 370 |  | 
| Select group hotkey | 131 |  | 
| Use ability | 110 |  | 
                2065 total
 » units 
                
                | Wisp | 9 |  | 
| Archer | 18 |  | 
| Hippogryph | 11 |  | 
| Huntress | 4 |  | 
                42 total
 » upgrades
                
                | Improved Bows | 1 |  | 
| Strength of the Moon | 3 |  | 
| Moon Armor | 5 |  | 
| Hippogryph Taming | 1 |  | 
| Well Spring | 2 |  | 
| Marksmanship | 1 |  | 
| Upgrade Moon Glaive | 1 |  | 
| Nature's Blessing | 1 |  | 
                15 total
 » buildings
                
                | Altar of Elders | 1 |  | 
| Moon Well | 8 |  | 
| Ancient of War | 2 |  | 
| Tree of Ages | 2 |  | 
| Hunter's Hall | 1 |  | 
| Ancient of Wind | 4 |  | 
| Tree of Eternity | 1 |  | 
| Ancient of Wonders | 2 |  | 
| Ancient Protector | 1 |  | 
| Tree of Life | 1 |  | 
                23 total
 » build order
                00:19 Altar of Elders
00:31 Moon Well
01:14 Ancient of War
02:15 Tree of Ages
02:15 Tree of Ages
02:31 Moon Well
02:33 Moon Well
03:48 Hunter's Hall
04:24 Moon Well
04:41 Ancient of Wind
04:49 Ancient of Wind
04:52 Ancient of Wind
04:55 Ancient of Wind
08:45 Tree of Eternity
09:36 Moon Well
09:41 Moon Well
09:42 Moon Well
09:43 Moon Well
15:33 Ancient of Wonders
15:59 Ancient Protector
16:24 Ancient of Wonders
17:54 Ancient of War
27:21 Tree of Life
» items
                
                | Dust of Appearance | 1 |  | 
| Rod of Necromancy | 1 |  | 
| Scroll of Town Portal | 2 |  | 
| Potion of Healing | 2 |  | 
| Potion of Mana | 1 |  | 
| Staff of Teleportation | 1 |  | 
                8 total
  
               
              
              
» 
NoobTalksAlot (
pink | 117 APM | 3536 actions | 30:12)
              
 6 Death Knight 
 3 Death Coil
 3 Unholy Aura
 4 Lich 
 2 Frost Nova
 2 Frost Armor
 
                » actions 
                
                | Assign group hotkey | 30 |  | 
| Basic commands | 233 |  | 
| Build / train | 100 |  | 
| Enter build submenu | 26 |  | 
| Enter hero's abilities submenu | 10 |  | 
| Give item / drop item | 3 |  | 
| Right click | 1191 |  | 
| Select / deselect | 626 |  | 
| Select group hotkey | 1195 |  | 
| Use ability | 116 |  | 
                3536 total
 » units 
                
                | Acolyte | 26 |  | 
| Ghoul | 5 |  | 
| Crypt Fiend | 4 |  | 
| Frost Wyrm | 7 |  | 
                42 total
 » upgrades
                
                | Creature Attack | 3 |  | 
| Creature Carapace | 3 |  | 
| Web | 1 |  | 
| Ghoul Frenzy | 1 |  | 
| Freezing Breath | 1 |  | 
                9 total
 » buildings
                
                | Crypt | 1 |  | 
| Graveyard | 1 |  | 
| Ziggurat | 10 |  | 
| Altar of Darkness | 1 |  | 
| Tomb of Relics | 1 |  | 
| Spirit Tower | 4 |  | 
| Nerubian Tower | 3 |  | 
| Halls of the Dead | 1 |  | 
| Black Citadel | 1 |  | 
| Sacrificial Pit | 1 |  | 
| Boneyard | 4 |  | 
                28 total
 » build order
                00:16 Crypt
00:23 Graveyard
00:43 Ziggurat
00:59 Altar of Darkness
01:26 Tomb of Relics
02:03 Ziggurat
03:17 Ziggurat
03:47 Nerubian Tower
03:47 Nerubian Tower
03:49 Nerubian Tower
06:30 Halls of the Dead
07:36 Ziggurat
07:37 Ziggurat
08:38 Spirit Tower
11:45 Black Citadel
11:57 Sacrificial Pit
12:00 Ziggurat
12:57 Spirit Tower
14:15 Boneyard
14:20 Boneyard
14:22 Boneyard
14:27 Boneyard
14:32 Ziggurat
14:33 Ziggurat
14:35 Ziggurat
15:42 Spirit Tower
20:06 Ziggurat
» items
                
                | Rod of Necromancy | 6 |  | 
| Scroll of Town Portal | 8 |  | 
| Orb of Corruption | 1 |  | 
| Potion of Healing | 1 |  | 
| Scroll of Healing | 2 |  | 
                18 total
  
               
              
              
» 
SonOfHeaven (
green | 49 APM | 1487 actions | 30:12)
              
 4 Death Knight 
 2 Death Coil
 2 Unholy Aura
 4 Lich 
 2 Frost Nova
 2 Frost Armor
 
                » actions 
                
                | Basic commands | 117 |  | 
| Build / train | 57 |  | 
| Enter build submenu | 20 |  | 
| Enter hero's abilities submenu | 8 |  | 
| Right click | 666 |  | 
| Select / deselect | 561 |  | 
| Use ability | 56 |  | 
                1487 total
 » units 
                
                | Acolyte | 7 |  | 
| Ghoul | 3 |  | 
| Crypt Fiend | 13 |  | 
| Obsidian Statue | 2 |  | 
                25 total
 » upgrades
                
                | Creature Attack | 3 |  | 
| Web | 1 |  | 
| Creature Carapace | 2 |  | 
| Burrow | 1 |  | 
                7 total
 » buildings
                
                | Altar of Darkness | 1 |  | 
| Ziggurat | 6 |  | 
| Crypt | 2 |  | 
| Graveyard | 1 |  | 
| Tomb of Relics | 1 |  | 
| Halls of the Dead | 2 |  | 
| Nerubian Tower | 1 |  | 
| Slaughterhouse | 1 |  | 
| Black Citadel | 2 |  | 
| Spirit Tower | 3 |  | 
| Necropolis | 1 |  | 
                21 total
 » build order
                00:23 Altar of Darkness
00:25 Ziggurat
00:40 Crypt
01:02 Graveyard
01:36 Tomb of Relics
02:15 Ziggurat
04:03 Halls of the Dead
04:39 Crypt
05:05 Ziggurat
05:22 Nerubian Tower
06:34 Slaughterhouse
07:28 Ziggurat
09:35 Black Citadel
09:35 Black Citadel
10:11 Ziggurat
12:26 Spirit Tower
18:22 Ziggurat
19:05 Necropolis
19:13 Spirit Tower
19:18 Spirit Tower
20:46 Halls of the Dead
» items
                
                | Healing Salve | 1 |  | 
| Orb of Corruption | 3 |  | 
| Scroll of Town Portal | 2 |  | 
| Potion of Healing | 1 |  | 
                7 total
  
               team 2 (loser) 
              
              
» 
sc2no_wc4yes (
purple | 66 APM | 2008 actions | 30:12)
              
 6 Mountain King 
 3 Storm Bolt
 2 Bash
 1 Avatar
 
                » actions 
                
                | Assign group hotkey | 74 |  | 
| Basic commands | 71 |  | 
| Build / train | 128 |  | 
| ESC pressed | 2 |  | 
| Enter build submenu | 30 |  | 
| Enter hero's abilities submenu | 6 |  | 
| Give item / drop item | 4 |  | 
| Right click | 753 |  | 
| Select / deselect | 325 |  | 
| Select group hotkey | 472 |  | 
| Use ability | 143 |  | 
                2008 total
 » units 
                
                | Peasant | 19 |  | 
| Footman | 14 |  | 
| Flying Machine | 9 |  | 
| Mortar Team | 4 |  | 
| Siege Engine | 1 |  | 
                47 total
 » upgrades
                
                | Lumber Harvesting | 1 |  | 
| Masonry | 1 |  | 
| Defend | 1 |  | 
| Gunpowder | 2 |  | 
| Flak Cannons | 1 |  | 
| Flying Machine Bombs | 1 |  | 
| Fragmentation Shards | 1 |  | 
| Flare | 1 |  | 
| Barrage | 1 |  | 
                10 total
 » buildings
                
                | Altar of Kings | 1 |  | 
| Farm | 8 |  | 
| Barracks | 1 |  | 
| Scout Tower | 25 |  | 
| Arcane Tower | 1 |  | 
| Keep | 1 |  | 
| Arcane Vault | 1 |  | 
| Lumber Mill | 1 |  | 
| Town Hall | 1 |  | 
| Guard Tower | 15 |  | 
| Blacksmith | 1 |  | 
| Workshop | 3 |  | 
| Castle | 1 |  | 
                60 total
 » build order
                00:06 Altar of Kings
00:09 Farm
00:35 Barracks
00:51 Farm
01:46 Scout Tower
01:54 Farm
01:57 Farm
02:18 Arcane Tower
03:40 Keep
04:47 Arcane Vault
05:43 Lumber Mill
05:47 Town Hall
05:50 Scout Tower
05:51 Scout Tower
05:52 Scout Tower
05:53 Scout Tower
06:33 Guard Tower
06:41 Farm
07:02 Guard Tower
07:24 Guard Tower
07:29 Guard Tower
07:40 Scout Tower
07:41 Scout Tower
07:41 Scout Tower
08:28 Guard Tower
08:57 Guard Tower
09:26 Blacksmith
09:34 Guard Tower
10:15 Scout Tower
10:16 Scout Tower
10:17 Scout Tower
10:18 Scout Tower
10:18 Scout Tower
10:19 Scout Tower
10:20 Scout Tower
10:21 Scout Tower
10:45 Guard Tower
10:47 Guard Tower
10:49 Guard Tower
11:20 Guard Tower
11:27 Guard Tower
11:47 Guard Tower
11:59 Guard Tower
12:57 Workshop
13:03 Workshop
14:07 Workshop
14:08 Castle
14:16 Farm
15:06 Farm
20:15 Farm
22:15 Scout Tower
22:15 Scout Tower
22:16 Scout Tower
22:17 Scout Tower
22:18 Scout Tower
22:18 Scout Tower
22:19 Scout Tower
22:20 Scout Tower
22:21 Scout Tower
25:10 Guard Tower
» items
                
                | Lesser Clarity Potion | 8 |  | 
| Healing Salve | 3 |  | 
| Scroll of Regeneration | 1 |  | 
| Ivory Tower | 10 |  | 
| Scroll of Town Portal | 7 |  | 
| Scroll of Speed | 6 |  | 
| Scroll of Healing | 2 |  | 
| Orb of Corruption | 1 |  | 
| Potion of Healing | 3 |  | 
| Potion of Mana | 3 |  | 
| Staff of Teleportation | 1 |  | 
| Tiny Great Hall | 1 |  | 
                46 total
  
               
              
              
Ze.Rath3isaFaig (
yellow | 64 APM | 1910 actions | 30:00)
              
 4 Death Knight 
 2 Death Coil
 1 Unholy Aura
 1 Death Pact
 3 Lich 
 2 Frost Nova
 1 Frost Armor
 
                » actions 
                
                | Assign group hotkey | 18 |  | 
| Basic commands | 400 |  | 
| Build / train | 72 |  | 
| ESC pressed | 8 |  | 
| Enter build submenu | 30 |  | 
| Enter hero's abilities submenu | 7 |  | 
| Give item / drop item | 3 |  | 
| Remove unit from queue | 1 |  | 
| Right click | 478 |  | 
| Select / deselect | 512 |  | 
| Select group hotkey | 283 |  | 
| Use ability | 98 |  | 
                1910 total
 » units 
                
                | Acolyte | 15 |  | 
| Ghoul | 5 |  | 
| Crypt Fiend | 17 |  | 
| Thunder Lizard | 1 |  | 
| Frost Wyrm | 3 |  | 
| Abomination | 2 |  | 
| Obsidian Statue | 1 |  | 
                44 total
 » upgrades
                
                | Creature Attack | 1 |  | 
| Creature Carapace | 1 |  | 
| Web | 1 |  | 
                3 total
 » buildings
                
                | Graveyard | 1 |  | 
| Crypt | 3 |  | 
| Ziggurat | 10 |  | 
| Altar of Darkness | 2 |  | 
| Nerubian Tower | 1 |  | 
| Tomb of Relics | 1 |  | 
| Halls of the Dead | 2 |  | 
| Black Citadel | 2 |  | 
| Sacrificial Pit | 1 |  | 
| Necropolis | 1 |  | 
| Slaughterhouse | 2 |  | 
| Boneyard | 1 |  | 
| Spirit Tower | 1 |  | 
                28 total
 » build order
                00:24 Graveyard
00:35 Crypt
00:40 Ziggurat
01:00 Altar of Darkness
01:20 Ziggurat
01:33 Nerubian Tower
02:17 Tomb of Relics
04:04 Halls of the Dead
04:05 Halls of the Dead
04:28 Ziggurat
08:47 Black Citadel
08:49 Ziggurat
08:50 Ziggurat
08:50 Ziggurat
10:36 Sacrificial Pit
11:53 Ziggurat
11:56 Necropolis
12:02 Slaughterhouse
12:04 Slaughterhouse
12:08 Crypt
13:24 Boneyard
13:59 Spirit Tower
14:01 Crypt
17:47 Altar of Darkness
20:26 Ziggurat
20:52 Ziggurat
20:52 Ziggurat
» items
                
                | Rod of Necromancy | 2 |  | 
| Dust of Appearance | 1 |  | 
| Potion of Healing | 1 |  | 
| Scroll of Town Portal | 1 |  | 
| Scroll of Healing | 1 |  | 
| Scroll of Protection | 1 |  | 
| Potion of Lesser Invulnerability | 1 |  | 
                8 total
  
               
              
              
» 
pen15-club (
red | 86 APM | 2606 actions | 30:12)
              
 7 Tauren Chieftain 
 3 War Stomp
 3 Endurance Aura
 1 Reincarnation
 
                » actions 
                
                | Assign group hotkey | 7 |  | 
| Basic commands | 223 |  | 
| Build / train | 85 |  | 
| Enter build submenu | 32 |  | 
| Enter hero's abilities submenu | 7 |  | 
| Give item / drop item | 8 |  | 
| Remove unit from queue | 4 |  | 
| Right click | 1376 |  | 
| Select / deselect | 502 |  | 
| Select group hotkey | 194 |  | 
| Use ability | 167 |  | 
                2606 total
 » units 
                
                | Peon | 9 |  | 
| Troll Headhunter/Berserker | 10 |  | 
| Troll Batrider | 14 |  | 
                33 total
 » upgrades
                
                | Ranged Weapons | 1 |  | 
| Armor | 1 |  | 
| Spiked Barricades | 1 |  | 
| Troll Regeneration | 1 |  | 
| Berserker Upgrade | 1 |  | 
| Reinforced Defenses | 1 |  | 
                6 total
 » buildings
                
                | Altar of Storms | 1 |  | 
| Orc Burrow | 9 |  | 
| War Mill | 1 |  | 
| Barracks | 2 |  | 
| Voodoo Lounge | 1 |  | 
| Stronghold | 2 |  | 
| Watch Tower | 8 |  | 
| Great Hall | 2 |  | 
| Beastiary | 2 |  | 
| Fortress | 3 |  | 
                31 total
 » build order
                00:09 Altar of Storms
00:21 Orc Burrow
01:02 War Mill
01:21 Barracks
01:42 Barracks
01:58 Orc Burrow
02:53 Voodoo Lounge
04:40 Orc Burrow
05:30 Stronghold
05:31 Stronghold
06:37 Watch Tower
06:37 Watch Tower
07:47 Orc Burrow
07:54 Great Hall
08:18 Beastiary
09:55 Orc Burrow
10:39 Orc Burrow
10:40 Orc Burrow
10:40 Orc Burrow
10:44 Orc Burrow
12:18 Beastiary
13:20 Fortress
21:05 Watch Tower
21:05 Watch Tower
21:05 Watch Tower
21:06 Watch Tower
22:19 Great Hall
26:15 Watch Tower
26:15 Watch Tower
» items
                
                | Healing Salve | 6 |  | 
| Lesser Clarity Potion | 4 |  | 
| Scroll of Speed | 1 |  | 
| Scroll of Town Portal | 8 |  | 
| Potion of Healing | 1 |  | 
| Orb of Corruption | 1 |  | 
| Staff of Teleportation | 1 |  | 
| Boots of Speed | 1 |  | 
| Potion of Lesser Invulnerability | 1 |  | 
| Potion of Invisibility | 1 |  | 
                25 total
  
               
              
              
» 
Random.Player (
teal | 114 APM | 3432 actions | 30:12)
              
 7 Blademaster 
 3 Wind Walk
 2 Critical Strike
 1 Bladestorm
 1 Mirror Image
 
                » actions 
                
                | Assign group hotkey | 47 |  | 
| Build / train | 111 |  | 
| Enter build submenu | 14 |  | 
| Enter hero's abilities submenu | 7 |  | 
| Give item / drop item | 1 |  | 
| Right click | 1874 |  | 
| Select / deselect | 421 |  | 
| Select group hotkey | 706 |  | 
| Use ability | 250 |  | 
                3432 total
 » units 
                
                | Peon | 15 |  | 
| Troll Batrider | 34 |  | 
| Green Dragon | 2 |  | 
                51 total
 » upgrades
                
                | Ranged Weapons | 3 |  | 
| Armor | 2 |  | 
| Liquid Fire | 1 |  | 
| Reinforced Defenses | 1 |  | 
                7 total
 » buildings
                
                | Altar of Storms | 1 |  | 
| Orc Burrow | 5 |  | 
| Voodoo Lounge | 1 |  | 
| War Mill | 1 |  | 
| Stronghold | 2 |  | 
| Beastiary | 2 |  | 
| Fortress | 2 |  | 
| Watch Tower | 3 |  | 
| Great Hall | 3 |  | 
                20 total
 » build order
                00:10 Altar of Storms
00:13 Orc Burrow
00:56 Voodoo Lounge
01:36 War Mill
02:37 Stronghold
02:37 Stronghold
03:23 Orc Burrow
04:14 Orc Burrow
04:14 Orc Burrow
05:01 Beastiary
05:02 Beastiary
05:44 Fortress
10:14 Watch Tower
10:22 Watch Tower
10:45 Watch Tower
11:42 Orc Burrow
16:17 Great Hall
26:08 Great Hall
29:43 Great Hall
» items
                
                | Healing Salve | 5 |  | 
| Lesser Clarity Potion | 5 |  | 
| Boots of Speed | 1 |  | 
| Staff of Teleportation | 1 |  | 
| Dust of Appearance | 1 |  | 
| Rod of Necromancy | 5 |  | 
| Scroll of Healing | 1 |  | 
| Potion of Healing | 4 |  | 
| Potion of Mana | 2 |  | 
| Orb of Lightning | 3 |  | 
| Potion of Lesser Invulnerability | 1 |  | 
                29 total
  
                Chat log
          (00:02 / Allies) sc2no_wc4yes: fuck
(00:06 / All) Random.Player: lol yellow
(00:09 / All) theGIZMOstopCOM: lol
(00:18 / All) sc2no_wc4yes: fw pls
(00:25 / All) Random.Player: lol yellow is rank # 1 
(00:29 / All) sc2no_wc4yes: fw rank 1
(00:30 / All) SonOfHeaven: we lost gg
(00:30 / Allies) Ze.Rath3isaFaig: why do you think playing kodos is hard?
(00:31 / All) sc2no_wc4yes: its only ogod manner
(00:38 / Allies) sc2no_wc4yes: jhe os gpsi
(00:40 / Allies) sc2no_wc4yes: he is gosu
(00:43 / Allies) Ze.Rath3isaFaig: no
(00:44 / Allies) sc2no_wc4yes: im 0-3 vs him
(00:46 / Allies) Ze.Rath3isaFaig: he's not ahrd to beat
(00:49 / Allies) Ze.Rath3isaFaig: he towers and masses expos
(00:55 / Allies) Ze.Rath3isaFaig: just mass rush we win easy
(01:02 / Allies) sc2no_wc4yes: ud orc ud ne
(01:04 / Allies) sc2no_wc4yes: from elft to right
(01:06 / Allies) sc2no_wc4yes: kodos is the orc
(01:18 / Allies) Ze.Rath3isaFaig: we rush here
(01:42 / Allies) sc2no_wc4yes: hes goign bm
(01:53 / Allies) Ze.Rath3isaFaig: no shit lol, when does he not go bm
(02:00 / Allies) Random.Player: sorry
(02:01 / Allies) Random.Player: lol
(02:07 / All) sc2no_wc4yes: no dk fiends
(02:09 / All) sc2no_wc4yes: no bm
(02:11 / All) sc2no_wc4yes: manner game
(02:12 / All) sc2no_wc4yes: gl hf
(02:28 / Allies) Random.Player: do u guys know bwang sukks is prety good at using ud?
(02:37 / Allies) Ze.Rath3isaFaig: yeah I do
(02:44 / Allies) Ze.Rath3isaFaig: i can beat him
(02:54 / Allies) Random.Player: i beat suntincool few tms
(02:56 / Allies) Ze.Rath3isaFaig: but he's really good, micro is pretty good
(03:02 / Allies) Ze.Rath3isaFaig: sumtincool sucks ass
(03:18 / Allies) Ze.Rath3isaFaig: rofl come on
(03:24 / All) theGIZMOstopCOM: phew
(03:39 / Allies) Ze.Rath3isaFaig: wow you got a surround lmao
(03:40 / Allies) Ze.Rath3isaFaig: nice
(03:51 / Allies) Ze.Rath3isaFaig: see hes' not hard trust me
(03:57 / Allies) Ze.Rath3isaFaig: god they suck ass
(03:58 / Allies) Ze.Rath3isaFaig: WE RUSH
(04:00 / Allies) Ze.Rath3isaFaig: ORANGE
(04:23 / Allies) Ze.Rath3isaFaig: get some dust fuck
(05:13 / Allies) Ze.Rath3isaFaig: after that red lets meet
(05:22 / Allies) Ze.Rath3isaFaig: nm wait till teal ahs his units
(05:40 / Allies) Ze.Rath3isaFaig: come with me
(05:55 / Allies) Random.Player: bm
(06:01 / Allies) Ze.Rath3isaFaig: gettin dust
(06:21 / Allies) Ze.Rath3isaFaig: lets meet now and hit
(06:28 / Allies) sc2no_wc4yes: wyvs
(06:30 / Allies) sc2no_wc4yes: for kodo
(06:47 / Allies) Ze.Rath3isaFaig: purple lets hit
(06:54 / Allies) sc2no_wc4yes: WOOD?
(07:14 / Allies) sc2no_wc4yes: ill go top right
(07:28 / All) theGIZMOstopCOM: you really that your gonna kill the warden
(07:35 / Allies) Random.Player: chim
(07:37 / All) Ze.Rath3isaFaig: CAN WE FUCKING HIT
(08:06 / Allies) Ze.Rath3isaFaig: lol air
(08:10 / Allies) Ze.Rath3isaFaig: lets hit please
(08:19 / Allies) Ze.Rath3isaFaig: rather not split eiterh
(08:31 / Allies) Ze.Rath3isaFaig: teals is battin
(08:35 / Allies) Ze.Rath3isaFaig: let him hit the ne whle we hit green then?
(08:39 / Allies) Ze.Rath3isaFaig: force a tp while he bats?
(08:57 / Allies) Ze.Rath3isaFaig: elts hit here
(09:05 / Allies) Ze.Rath3isaFaig: NOWOWW
(09:06 / Allies) Ze.Rath3isaFaig: WE HAVE TO GO NOW
(09:08 / All) Ze.Rath3isaFaig: FUCK PURPLE
(09:15 / Allies) Ze.Rath3isaFaig: omfg...
(09:17 / Allies) Ze.Rath3isaFaig: so annoying as fuck
(09:36 / Allies) pen15-club: THANKS PING MORE
(09:41 / Allies) sc2no_wc4yes: warned u wyvs...
(09:47 / Allies) Ze.Rath3isaFaig: stfu
(09:49 / Allies) pen15-club: youre dumb
(09:50 / Allies) Ze.Rath3isaFaig: you coudl tlel us where he's at
(09:52 / Allies) pen15-club: stop talking idiot
(09:53 / Allies) Ze.Rath3isaFaig: you map hackingos
(10:05 / Allies) sc2no_wc4yes: tower or bat
(10:07 / Allies) sc2no_wc4yes: dont get wyved
(10:23 / Allies) Ze.Rath3isaFaig: failure
(10:24 / Allies) Ze.Rath3isaFaig: lol
(10:26 / Allies) Ze.Rath3isaFaig: epic faulure
(10:30 / Allies) Ze.Rath3isaFaig: you wont' even meet up to attack
(11:03 / Allies) Ze.Rath3isaFaig: lmao
(11:08 / Allies) sc2no_wc4yes: bats pls
(11:37 / Allies) sc2no_wc4yes: ask fogl d if u need
(11:38 / Allies) sc2no_wc4yes: ask gold
(11:43 / Allies) Random.Player: gold
(11:44 / Allies) Ze.Rath3isaFaig: yeah nee dit
(12:15 / Allies) Ze.Rath3isaFaig: good bat this fag
(12:18 / Allies) sc2no_wc4yes: fiends 
(12:18 / Allies) sc2no_wc4yes: on right
(12:27 / Allies) Ze.Rath3isaFaig: yeah be rdy to tp with your one here...
(12:47 / Allies) Ze.Rath3isaFaig: TP RED
(12:50 / Allies) Ze.Rath3isaFaig: RED TP
(12:52 / Allies) Ze.Rath3isaFaig: b
(13:03 / Allies) Ze.Rath3isaFaig: gogog
(13:35 / Allies) Ze.Rath3isaFaig: lol nice units purpel
(13:47 / Allies) sc2no_wc4yes: arden
(13:47 / Allies) Ze.Rath3isaFaig: epic
(13:55 / Allies) Random.Player: tower up
(14:22 / Allies) Ze.Rath3isaFaig: ove the units uprple
(14:32 / Allies) Ze.Rath3isaFaig: now I die 
(14:46 / Allies) Ze.Rath3isaFaig: guess tp in
(14:49 / Allies) Ze.Rath3isaFaig: try and save on rmoe time
(15:06 / Allies) Ze.Rath3isaFaig: red?
(15:29 / Allies) Ze.Rath3isaFaig: love it guys
(16:26 / Allies) Ze.Rath3isaFaig: rofl
(16:31 / Allies) Ze.Rath3isaFaig: you fail for a map hacker
(16:43 / Allies) Ze.Rath3isaFaig: why would you tower
(16:44 / Allies) sc2no_wc4yes: gyro on way
(16:51 / Allies) Ze.Rath3isaFaig: and mass gyros allg ame vs bats and gyps?
(17:21 / Allies) Ze.Rath3isaFaig: so now you let me die
(17:24 / Allies) Ze.Rath3isaFaig: you realling going to let me die
(17:30 / Allies) sc2no_wc4yes: lose bat to wyv
(17:31 / Allies) sc2no_wc4yes: qq
(18:12 / Allies) Ze.Rath3isaFaig: godl me
(18:29 / Allies) Ze.Rath3isaFaig: if i can just get some shit back up we can win this shtu
(18:57 / Allies) sc2no_wc4yes: goign to headshot that ne air now
(18:58 / Allies) sc2no_wc4yes: if i can
(19:03 / Allies) sc2no_wc4yes: before kodo mass bat
(19:07 / Allies) Ze.Rath3isaFaig: go you and red fuck her up
(19:12 / Allies) sc2no_wc4yes: fuck he dismount
(19:54 / Allies) Ze.Rath3isaFaig: maybe mass tanks?.
(20:08 / Allies) Ze.Rath3isaFaig: kill those
(20:11 / Allies) Ze.Rath3isaFaig: don't you have bomns
(20:17 / Allies) sc2no_wc4yes: he pumpin gabts
(20:25 / Allies) Random.Player: shit
(20:26 / Allies) sc2no_wc4yes: gyro onw ay
(20:27 / Allies) sc2no_wc4yes: dont web
(20:31 / Allies) Ze.Rath3isaFaig: COME HERE TP IN
(20:39 / Allies) Ze.Rath3isaFaig: TP
(20:45 / Allies) Ze.Rath3isaFaig: goggo
(21:10 / Allies) sc2no_wc4yes: reinforcemnts here
(21:51 / Allies) Ze.Rath3isaFaig: need to take this out asap
(22:07 / Allies) pen15-club: anyone got lumber?
(22:11 / Allies) Ze.Rath3isaFaig: lets just hit no?
(22:18 / Allies) Random.Player: here
(22:20 / Allies) Ze.Rath3isaFaig: k fine coming
(22:25 / Allies) Random.Player: expo first
(22:29 / Allies) Ze.Rath3isaFaig: expo there
(22:33 / Allies) Random.Player: lumber
(22:42 / Allies) Ze.Rath3isaFaig: all i got
(23:05 / Allies) Ze.Rath3isaFaig: TEH YALL HER COME
(23:12 / Allies) Random.Player: leave it
(23:13 / Allies) sc2no_wc4yes: let ud base die
(23:13 / Allies) Random.Player: hit expo
(23:23 / Allies) Ze.Rath3isaFaig: k get otu we fitha t teal then
(23:47 / Allies) Random.Player: go hit
(23:47 / Allies) Ze.Rath3isaFaig: out
(23:56 / Allies) Random.Player: get dk
(24:01 / Allies) Ze.Rath3isaFaig: GOGOG
(24:03 / Allies) Random.Player: wtf
(24:11 / Allies) Random.Player: dk
(24:16 / Allies) sc2no_wc4yes: uck
(24:17 / Allies) sc2no_wc4yes: my towers
(24:23 / Allies) sc2no_wc4yes: do we have army lerfty?
(24:25 / Allies) sc2no_wc4yes: or is it gg
(24:41 / Allies) sc2no_wc4yes: can we tp this?
(24:43 / Allies) Random.Player: tp someone
(24:44 / Allies) Ze.Rath3isaFaig: fight ehre
(24:46 / Allies) Ze.Rath3isaFaig: tp 
(24:47 / Allies) Ze.Rath3isaFaig: les fight
(24:47 / Allies) sc2no_wc4yes: i cant ake alone
(24:48 / Allies) Ze.Rath3isaFaig: COM ENOW
(24:48 / Allies) sc2no_wc4yes: all go
(24:49 / Allies) sc2no_wc4yes: ALL GO
(24:54 / Allies) sc2no_wc4yes: ALL
(24:56 / Allies) sc2no_wc4yes: WTF?
(24:57 / Allies) Ze.Rath3isaFaig: GO TP
(24:58 / Allies) sc2no_wc4yes: FAIL
(24:59 / Allies) sc2no_wc4yes: OMFG
(25:00 / Allies) sc2no_wc4yes: SLOW IDIOT
(25:07 / Allies) Random.Player: tower up  now
(25:50 / Allies) Random.Player: they here
(25:52 / Allies) sc2no_wc4yes: STAY HERE
(25:56 / Allies) Ze.Rath3isaFaig: yeah
(26:18 / Allies) Random.Player: nice
(26:25 / Allies) Random.Player: b
(26:27 / Allies) Ze.Rath3isaFaig: DK
(26:31 / Allies) Random.Player: nice
(26:39 / Allies) Random.Player: tp tc
(26:41 / Allies) Random.Player: one red
(26:50 / Allies) Ze.Rath3isaFaig: wts i red at
(27:07 / Allies) Random.Player: dk
(27:08 / Allies) Random.Player: pink
(27:11 / Allies) Ze.Rath3isaFaig: lol wow
(27:25 / Allies) Ze.Rath3isaFaig: map hacker failed
(27:33 / Allies) Random.Player: its ok
(27:34 / Allies) Random.Player: mass
(27:35 / Allies) Random.Player: aa now
(27:41 / Allies) sc2no_wc4yes: THEY HAVE AIR?
(27:42 / Allies) pen15-club: lumber
(27:43 / Allies) pen15-club: asap
(27:44 / Allies) pen15-club: for bats
(27:45 / Allies) Ze.Rath3isaFaig: i'm dead
(27:46 / Allies) Ze.Rath3isaFaig: no here
(27:54 / Allies) pen15-club: lumber me
(27:54 / Allies) pen15-club: asap
(27:55 / Allies) Random.Player: red
(27:55 / Allies) Ze.Rath3isaFaig: if purple would jsut mass tanks
(27:58 / Allies) Ze.Rath3isaFaig: we could've won a long time ago
(28:08 / Allies) Random.Player: its
(28:10 / Allies) Random.Player: ok
(28:13 / Allies) Random.Player: we stil have chance
(28:18 / Allies) Ze.Rath3isaFaig: its not ok
(28:20 / Allies) Random.Player: wtf
(28:21 / Allies) Random.Player: pink
(28:22 / Allies) Ze.Rath3isaFaig: how does a map hacker fail so much
(28:31 / Allies) Random.Player: aa now mass
(28:32 / Allies) Ze.Rath3isaFaig: look at this shit
(28:37 / Allies) Ze.Rath3isaFaig: get out red
(28:38 / All) Random.Player: b
(28:39 / Allies) Random.Player: b
(28:39 / Allies) Random.Player: red
(28:40 / Allies) Random.Player: wtf
(28:42 / Allies) Random.Player: don't wat
(28:44 / Allies) Ze.Rath3isaFaig: just mass tanks lmao
(28:45 / Allies) Random.Player: no wates
(28:46 / Allies) Ze.Rath3isaFaig: and we'd win
(28:46 / Allies) Random.Player: fuck
(28:50 / Allies) sc2no_wc4yes: tanks would not have won
(28:57 / Allies) Ze.Rath3isaFaig: vs a million frost?
(28:59 / Allies) Ze.Rath3isaFaig: yes they would have
(29:07 / Allies) Random.Player: gold me
(29:19 / Allies) Ze.Rath3isaFaig: not even worth my time
(29:27 / Allies) Random.Player: aa?
(29:39 / Allies) Ze.Rath3isaFaig: there 
(29:50 / Allies) sc2no_wc4yes: wtf
(29:57 / Allies) Ze.Rath3isaFaig: you don't want to try
(29:58 / Allies) Ze.Rath3isaFaig: so why try
(30:01 / Allies) sc2no_wc4yes: zzz
(30:05 / Allies) sc2no_wc4yes: i was mvp this game
(30:10 / Allies) sc2no_wc4yes: dumb noob cant defend an ud base
(30:11 / Allies) pen15-club: youre an idiot :/